 Dungeon Crawl Stone Soup version 0.17.1-1-g73c8601 (webtiles) character file.

107739 Miyamura the Nimble (level 16, -4/93 HPs)
             Began as a Red Draconian Ice Elementalist on Dec 21, 2015.
             Was a High Priest of Sif Muna.
             Drowned by a water nymph (11 damage)
             ... on level 4 of the Abyss on Dec 22, 2015.
             The game lasted 03:10:31 (43913 turns).

Miyamura the Nimble (DrIE)                         Turns: 43913, Time: 03:10:31

Health: -4/93      AC: 20    Str:  7 (8)  XL:     16   Next: 1%
Magic:  22/22      EV: 15    Int: 22      God:    Sif Muna [*****.]
Gold:   794        SH:  7    Dex:  7 (10) Spells: 9 memorised, 4 levels left

rFire  + . .     SeeInvis .     Z - +9 scimitar (vamp)
rCold  + . .     Rnd*Rage +     (armour unavailable)
rNeg   + . .     SustAt   .     M - +3 buckler
rPois  .         Gourm    .     a - +2 hat of the High Council {Archmagi, Wiz- Stlth-}
rElec  +         Spirit   .     x - +2 cloak
rCorr  .         Warding  .     K - +2 pair of gloves {Dex+3}
rMut   .         Rnd*Tele +     c - +2 pair of boots {Fly}
MR     +....                    U - amulet of regeneration
Stlth  +.........               F - ring of positive energy
                                X - ring "Laza" {rElec rC+ Int+4}

@: flying, very slightly contaminated, non-regenerating, hasted, very quick,
somewhat resistant to hostile enchantments, very unstealthy
A: breathe fire, unfitting armour, berserk 3, blurry vision 3, clumsy 2,
deterioration 2, dopey 2, fire resistance 1, frail 3, low mp 3, screaming 3,
slow regeneration 3, teleportitis 3, weak 2, no device heal 3, cold-blooded,
subdued magic 3, MP-powered wands, AC +9
a: Breathe Fire, Channel Energy, Forget Spell, Renounce Religion, Stop Flying


You were on level 4 of the Abyss.
You worshipped Sif Muna.
Sif Muna was extremely pleased with you.
You were near starving.

You visited 3 branches of the dungeon, and saw 27 of its levels.
You visited the Abyss 1 time.
You also visited: Labyrinth, Sewer and Ice Cave.

You collected 3092 gold pieces.
You spent 2298 gold pieces at shops.

Inventory:

Hand Weapons
 I - the +2 falchion of Asugh {freeze, rN+ MR+ Int+4}
   (You bought it in a shop on level 3 of the Orcish Mines)

   It has been specially enchanted to freeze those struck by it, causing extra
   injury to most foes and up to half again as much damage against particularly
   susceptible opponents.
   It can also slow down cold-blooded creatures.
   It affects your intelligence (+4).
   It protects you from negative energy.
   It affects your resistance to hostile enchantments.
 Z - a +9 vampiric scimitar (weapon)
Armour
 a - the +2 hat of the High Council (worn) {Archmagi, Wiz- Stlth-}
   (You found it in a labyrinth)

   It makes you less stealthy.
 c - a +2 pair of boots of flying (worn)
 x - a +2 cloak (worn)
 K - a +2 pair of gloves of dexterity (worn)
 M - a +3 buckler (worn)
Jewellery
 q - an uncursed amulet of clarity
 r - an uncursed amulet of rage
 y - an uncursed amulet of warding
 F - a ring of positive energy (right hand)
 T - an uncursed amulet of resist corrosion
 U - an amulet of regeneration (around neck)
 W - an uncursed amulet of faith
 X - the ring "Laza" (left hand) {rElec rC+ Int+4}
   (You found it in a labyrinth)

   [ring of intelligence]

   It affects your intelligence (+4).
   It protects you from cold.
   It insulates you from electricity.
Wands
 k - a wand of fireball (5)
 p - a wand of lightning (7)
 E - a wand of paralysis (9)
 O - a wand of heal wounds (8)
 Q - a wand of digging (9)
Scrolls
 l - a scroll of blinking
 n - 6 scrolls of remove curse
 u - 3 scrolls of recharging
 v - 4 scrolls of fog
 D - 2 scrolls of fear
 H - a scroll of holy word
 N - a scroll of enchant weapon
 P - a scroll of enchant armour
 S - a scroll of magic mapping
Potions
 d - 4 potions of haste
 h - 2 potions of magic
 j - a potion of agility
 m - 10 potions of curing
 s - 7 potions of might
 t - 3 potions of lignification
 z - 2 potions of mutation
 B - 2 potions of resistance
 C - a potion of ambrosia
 J - a potion of brilliance
 L - 3 potions of invisibility
 R - a potion of cancellation
Books
 e - a book of the Earth

   Spells                             Type                      Level
   a - Leda's Liquefaction            Hexes/Earth                  4
   b - Bolt of Magma                  Conjuration/Fire/Earth       5
   c - Statue Form                    Transmutation/Earth          6
   d - Iron Shot                      Conjuration/Earth            6
   e - Shatter                        Earth                        9
 G - a book of Death

   Spells                             Type                      Level
   a - Corpse Rot                     Necromancy                   2
   b - Sublimation of Blood           Necromancy                   2
   c - Agony                          Necromancy                   5
   d - Dispel Undead                  Necromancy                   5
   e - Excruciating Wounds            Charms/Necromancy            5
   f - Bolt of Draining               Conjuration/Necromancy       5
 V - a book of Minor Magic

   Spells                             Type                      Level
   a - Magic Dart                     Conjuration                  1
   b - Blink                          Translocation                2
   c - Call Imp                       Summoning                    2
   d - Repel Missiles                 Charms/Air                   2
   e - Slow                           Hexes                        2
   f - Conjure Flame                  Conjuration/Fire             3
   g - Mephitic Cloud                 Conjuration/Poison/Air       3
Miscellaneous
 g - an ornate deck of destruction
 i - a disc of storms
 o - a lantern of shadows
Comestibles
 b - 11 bread rations
 f - 4 meat rations
 w - 49 fruits


   Skills:
 - Level 10.1 Fighting
 + Level 11.5 Long Blades
 + Level 12.0 Dodging
 - Level 4.3 Stealth
 - Level 4.5 Shields
 + Level 12.0 Spellcasting
 + Level 9.3 Conjurations
 - Level 5.6 Summonings
 - Level 0.8 Necromancy
 + Level 10.8 Fire Magic
 - Level 8.0 Ice Magic


You had 4 spell levels left.
You knew the following spells:

 Your Spells              Type           Power        Failure   Level  Hunger
a - Ozocubu's Armour      Chrm/Ice       ###.....     1%          3    None
b - Bolt of Cold          Conj/Ice       ####......   6%          6    #####..
c - Summon Ice Beast      Ice/Summ       ####....     1%          4    None
d - Simulacrum            Ice/Necr       ###.......   85%         6    #####..
f - Fireball              Conj/Fire      ####......   1%          5    ####...
i - Throw Icicle          Conj/Ice       ####....     0%          4    None
p - Pain                  Necr           ##..         1%          1    None
s - Condensation Shield   Ice            ####......   1%          4    None
C - Cure Poison           Pois           #.........   1%          2    None


Dungeon Overview and Level Annotations

Branches:
Dungeon (15/15)            Temple (0/1) D:4            Lair (8/8) D:10
  Swamp (0/4) Lair:3        Snake (0/4) Lair:4        Slime (0/6) Lair:8
    Orc (4/4) D:10            Elf (0/3) Orc:3        Vaults (0/5) D:14
 Depths: D:15

Altars:
Dithmenos
Fedhas
Ru
Sif Muna
The Shining One
Beogh

Shops:
D:4 [   D:11 (   Orc:1 ?   Orc:3 (   Orc:4 ![!*

Annotations:
Lair:6 Rupert


Innate Abilities, Weirdness & Mutations

You can breathe blasts of fire.
Your fiery red scales are hard (AC +9).
Your body does not fit into most forms of armour.
Your flesh is heat resistant.
You are cold-blooded and may be slowed by cold attacks.
[You have an uncontrollable temper.]
[Scrolls take you much longer to read.]
[You are very clumsy. (Dex -4)]
[Your body often deteriorates upon taking damage.]
[You are very dopey. (Int -4)]
[You are extremely frail (-30% HP).]
[Your magical capacity is extremely low (-30% MP).]
[You frequently scream uncontrollably at your foes.]
[You do not regenerate naturally.]
[You are often teleported next to monsters.]
[You are very weak. (Str -4)]
[Potions and wands cannot restore your health.]
[Your spells are much easier to cast, but much less powerful.]
[You expend magic power (3 MP) to strengthen your wands.]


Message History

The abyssal Rune of Zot can be found at this depth.
A water nymph comes into view.
The water nymph shouts!
A tentacled starspawn comes into view.
Read which item? (? for menu, Esc to quit)
Okay, then.
Drink which item? (? for menu, Esc to quit)
You feel yourself speed up.
Tentacles burst from the starspawn's body!
You are very lightly contaminated with residual magic.
Drink which item? (? for menu, Esc to quit)
Okay, then.
Unknown command.
Drink which item? (? for menu, Esc to quit)
You are confused.
You feel invigorated.
The water nymph flows with the water.
Drink which item? (? for menu, Esc to quit)
You feel better.
You feel less invigorated. The water nymph touches you.
The water nymph drowns you!
You die...

## # . ####.##..
. # ..... #
#.#...#.... #.
.... ### #..#..
##.#####.. #.. ≈
###.#.§#.#.≈≈≈#
#. #.@m≈.....≈≈≈
#.#.
#..§.##§.#§##≈≈
# ≈ .≈ #.####
#..§.##.##. .# .
##..≈# .#....
#..# .
###..w#.##..####
.##.X## ... # .
#w..#. ... . .
..### .#. #.. #.
.


You could see a water nymph.

Vanquished Creatures
  A bone dragon (Abyss:1)
  Maud (D:11)
  Nessos (Lair:6)
  Josephine (D:15)
  5 hydras
  A catoblepas (D:15)
  Erica (D:9)
  A centaur warrior (D:15)
  A tengu warrior (D:15)
  4 thrashing horrors
  7 death yaks
  A fire crab (D:15)
  3 wretched stars
  6 large abominations
  A spatial maelstrom (Abyss:2)
  5 unseen horrors
  A deep troll (D:14)
  A giant orange brain (Abyss:2)
  A phantasmal warrior (D:14)
  5 hill giants
  2 orc knights (Orc:4)
  2 deep elf conjurers (D:15)
  2 oklob plants
  2 orc sorcerers (Orc:3)
  3 ugly things
  4 slime creatures (D:12)
  2 cyclopes
  A sixfirhy (Abyss:2)
  5 elephants
  An eye of devastation (Abyss:1)
  5 black mambas
  A smoke demon (Abyss:2)
  A torpor snail (Lair:7)
  2 gargoyles
  An orange demon (Abyss:1)
  A kobold demonologist (D:14)
  3 komodo dragons
  A freezing wraith (D:14)
  7 spiny frogs
  2 fire drakes
  4 guardian mummies (D:13)
  A hellwing (Abyss:1)
  5 trolls
  A hydra zombie (Abyss:1)
  A tengu conjurer (D:13)
  5 two-headed ogres
  A polar bear (D:13)
  2 ancient zymes
  11 blink frogs
  8 raiju
  3 flying skulls (Abyss:1)
  A shadow (Lab)
  4 wraiths (D:15)
  32 yaks
  A water elemental (D:13)
  3 ynoxinuls
  3 fire bats (Abyss:2)
  5 hippogriffs
  2 centaur simulacra (D:13)
  5 basilisks
  7 chaos spawn
  A neqoxec (Abyss:2)
  11 wolves
  A death yak simulacrum (IceCv)
  A warg (Orc:1)
  7 vampire mosquitoes
  A deep elf fighter (D:10)
  11 water moccasins
  4 insubstantial wisps (Abyss:1)
  3 nagas (Lair:4)
  A mottled dragon (D:13)
  A black bear (D:9)
  11 porcupines
  22 orc warriors
  5 sky beasts
  10 ogres
  A phantom (D:6)
  A necrophage (D:10)
  9 centaurs
  9 ice beasts
  17 crocodiles
  2 big kobolds
  A brain worm (D:13)
  21 giant frogs
  A wyvern skeleton (D:14)
  5 killer bees (D:8)
  4 small abominations
  2 electric eels
  5 wights
  4 quasits
  7 crimson imps
  3 starcursed masses (Abyss:1)
  4 centaur zombies
  3 jellies
  2 giant frog skeletons
  6 hounds
  18 orc wizards
  2 iron imps
  12 orc priests
  2 centaur skeletons
  6 worker ants
  Natasha (D:2)
  8 iguanas
  11 sheep
  A killer bee zombie (D:9)
  4 mummies (D:13)
  A hound skeleton (D:10)
  A gnoll (D:2)
  A worker ant zombie (D:10)
  22 river rats
  16 adders
  2 white imps
  A shadow imp (D:8)
  3 ufetubi
  2 oozes
  An adder zombie (D:9)
  2 adder skeletons
  4 worms
  14 giant geckos
  90 orcs
  16 bats
  11 giant cockroaches
  12 goblins
  10 hobgoblins
  8 jackals
  17 kobolds
  8 quokkas
  7 ball pythons
  8 giant newts
  A jackal skeleton (D:5)
  12 rats
  2 bushes (Lair:4)
  A butterfly (Lair:1)
  2 fungi (Lair:8)
  8 plants
746 creatures vanquished.

Vanquished Creatures (collateral kills)
  A tentacled starspawn (Abyss:1)
  A minotaur (Lab)
  7 hydras
  3 catoblepae (Lair:8)
  The ghost of Nicoed the Reanimator, a novice DrNe of Sif Muna (D:9)
  8 death yaks
  A large abomination (Abyss:2)
  2 slime creatures (D:13)
  Sonja (D:14)
  An anaconda zombie (Abyss:2)
  A hill giant (D:12)
  A lindwurm (D:14)
  An orc sorcerer (D:15)
  A griffon (Lair:5)
  A cyclops (D:14)
  An orc knight (Orc:4)
  A manticore (D:11)
  5 ugly things
  6 elephants
  3 black mambas
  7 spiny frogs
  A smoke demon (Abyss:1)
  3 gargoyles (Lab)
  An orange demon (Abyss:2)
  8 komodo dragons
  3 tengu conjurers
  3 trolls
  A fire drake (Lair:7)
  A harpy skeleton (Abyss:2)
  A raiju (Abyss:1)
  2 boulder beetles
  24 blink frogs
  42 yaks
  An alligator skeleton (Abyss:1)
  2 deep elf magi
  A starcursed mass (Abyss:1)
  9 wolves
  3 hippogriffs
  A wraith (D:11)
  A steam dragon (Lair:6)
  2 hungry ghosts
  A warg (Orc:1)
  A basilisk (Lair:7)
  2 nagas (Lair:4)
  3 water moccasins
  3 porcupines
  2 ice beasts
  7 orc warriors
  An ogre (Orc:1)
  2 centaurs (Orc:4)
  An eye of draining (shapeshifter) (Abyss:1)
  A big kobold (D:10)
  8 crocodiles
  6 giant frogs
  A scorpion (shapeshifter) (D:14)
  A small abomination (Abyss:1)
  2 wights (D:10)
  7 orc priests
  6 orc wizards
  25 sheep
  18 river rats
  A shadow imp (D:10)
  A giant gecko (D:9)
  54 orcs
  A jackal (D:10)
  3 kobolds (D:10)
  A butterfly (Lair:1)
  A fungus (Lair:2)
  A starspawn tentacle (Abyss:1)
325 creatures vanquished.

Vanquished Creatures (others)
  Fannar (Orc:2)
  A wolf (Lair:5)
  A hippogriff (D:11)
  An orc warrior (Orc:4)
  A sheep (Lair:8)
  A small abomination (Abyss:2)
  An ufetubus (Abyss:2)
  2 orcs (Orc:2)
  31 fungi
  2 lurking horrors (Abyss:1)
  19 plants
  5 starspawn tentacles
  54 starspawn tentacle segments (Abyss:1)
120 creatures vanquished.

Grand Total: 1191 creatures vanquished

Notes
Turn   | Place    | Note
--------------------------------------------------------------
     0 | D:1      | Miyamura the Draconian Ice Elementalist began the quest for the Orb.
     0 | D:1      | Reached XP level 1. HP: 14/14 MP: 3/3
   829 | D:2      | Reached XP level 2. HP: 22/22 MP: 1/5
  1021 | D:2      | Reached skill level 1 in Fighting
  1349 | D:2      | Reached XP level 3. HP: 28/28 MP: 1/6
  1400 | D:2      | Learned a level 3 spell: Ozocubu's Armour
  1998 | D:2      | Reached XP level 4. HP: 27/36 MP: 1/7
  2595 | D:2      | Noticed Natasha
  2612 | D:2      | Killed Natasha
  3287 | D:2      | Reached XP level 5. HP: 15/42 MP: 1/8
  3898 | D:3      | Found a glowing drain.
  4005 | Sewer    | Entered a sewer
  4642 | D:3      | Reached XP level 6. HP: 50/50 MP: 10/10
  4725 | D:3      | Found a faded altar to an unknown god.
  5082 | D:4      | Reached skill level 4 in Ice Magic
  5193 | D:4      | Found a deep blue altar of Sif Muna.
  5208 | D:4      | Became a worshipper of Sif Muna the Loreminder
  5282 | D:4      | Found a staircase to the Ecumenical Temple.
  5340 | D:4      | Found Fyud's Antique Armour Emporium.
  5375 | D:4      | Bought a pair of gloves for 85 gold pieces
  5397 | D:4      | Bought a pair of glowing boots for 85 gold pieces
  5634 | D:5      | Entered Level 5 of the Dungeon
  5706 | D:5      | Your scales start taking on a fiery red colour.
  5706 | D:5      | Gained mutation: Your flesh is heat resistant. [Red Draconian growth]
  5706 | D:5      | Reached XP level 7. HP: 57/57 MP: 7/12
  6207 | D:5      | Reached skill level 4 in Stealth
  6691 | D:5      | Found a glowing golden altar of the Shining One.
  6829 | D:6      | Learned a level 4 spell: Summon Ice Beast
  7089 | D:6      | Reached skill level 1 in Summonings
  7089 | D:6      | Reached XP level 8. HP: 52/67 MP: 6/14
  7489 | D:6      | Reached * piety under Sif Muna
  7819 | D:6      | Reached skill level 5 in Fighting
  8814 | D:8      | Reached skill level 5 in Dodging
  8925 | D:8      | Reached skill level 5 in Spellcasting
  9044 | D:8      | Reached XP level 9. HP: 74/74 MP: 14/16
  9052 | D:8      | Reached ** piety under Sif Muna
  9167 | D:8      | Reached skill level 5 in Ice Magic
  9246 | D:8      | Reached skill level 6 in Fighting
  9369 | D:8      | Learned a level 1 spell: Pain
  9666 | D:9      | Noticed a gargoyle
  9683 | D:9      | Killed a gargoyle
  9925 | D:9      | Learned a level 2 spell: Throw Frost
 10004 | D:9      | Noticed Nicoed's ghost (novice DrNe)
 10051 | D:9      | Killed Nicoed's ghost
 10530 | D:9      | Noticed Erica
 10546 | D:9      | Killed Erica
 10546 | D:9      | Reached skill level 7 in Fighting
 10546 | D:9      | Reached skill level 5 in Summonings
 10546 | D:9      | Reached XP level 10. HP: 65/86 MP: 5/19
 10819 | D:9      | Noticed a seven-headed hydra
 10838 | D:9      | Killed a seven-headed hydra
 10838 | D:9      | Reached *** piety under Sif Muna
 10838 | D:9      | Reached skill level 1 in Long Blades
 11528 | D:10     | Entered Level 10 of the Dungeon
 11814 | D:10     | Found a staircase to the Lair.
 11989 | D:10     | Reached skill level 1 in Shields
 12457 | D:10     | Found a staircase to the Orcish Mines.
 12560 | D:9      | Learned a level 1 spell: Freeze
 12642 | D:10     | Found a roughly hewn altar of Beogh.
 12878 | D:10     | Noticed a red ugly thing
 12898 | D:10     | Killed a red ugly thing
 13536 | Lair:1   | Entered Level 1 of the Lair of Beasts
 14057 | Lair:1   | Reached XP level 11. HP: 94/94 MP: 10/21
 14159 | Lair:1   | Reached skill level 8 in Fighting
 16421 | Lair:1   | Noticed a six-headed hydra
 16422 | Lair:1   | Reached skill level 9 in Fighting
 16430 | Lair:1   | Killed a six-headed hydra
 16751 | Lair:2   | Reached skill level 5 in Long Blades
 18068 | Lair:3   | Learned a level 4 spell: Condensation Shield
 18233 | Lair:3   | Found a staircase to the Swamp.
 18424 | Lair:3   | Reached XP level 12. HP: 84/104 MP: 12/24
 18434 | Lair:3   | Reached **** piety under Sif Muna
 18535 | Lair:3   | Found a frozen archway.
 18645 | IceCv    | Entered an ice cave
 19927 | Lair:4   | Found a staircase to the Snake Pit.
 20268 | Lair:4   | Learned a level 4 spell: Throw Icicle
 20287 | Lair:4   | Found a blossoming altar of Fedhas.
 21069 | Lair:4   | Reached skill level 10 in Fighting
 21618 | Lair:5   | Learned a level 6 spell: Simulacrum
 21761 | Lair:5   | Found a sacrificial altar of Ru.
 21819 | Lair:5   | Noticed a five-headed hydra
 21828 | Lair:5   | Killed a one-headed hydra
 21828 | Lair:5   | Reached ***** piety under Sif Muna
 21900 | Lair:5   | Learned a level 5 spell: Fireball
 21994 | Lair:5   | Reached skill level 1 in Fire Magic
 23112 | Lair:5   | Noticed an eight-headed hydra
 23118 | Lair:5   | Killed a seven-headed hydra
 23166 | Lair:5   | Reached XP level 13. HP: 107/113 MP: 9/26
 23703 | Lair:6   | Noticed Rupert
 24030 | Lair:6   | Noticed Nessos
 24927 | Lair:7   | Identified the Guide on Lightness
 25872 | Lair:7   | Reached skill level 5 in Fire Magic
 26443 | Lair:6   | Killed Nessos
 26687 | Lair:8   | Entered Level 8 of the Lair of Beasts
 26693 | Lair:8   | Found a staircase to the Slime Pits.
 26711 | Lair:7   | Reached skill level 10 in Dodging
 27079 | Lair:8   | Reached ****** piety under Sif Muna
 27079 | Lair:8   | Received a gift from Sif Muna
 27082 | Lair:8   | Identified Zyevipt's Incunabulum of the Damaging Frostbite (Sif Muna gifted it to you on level 8 of the Lair of Beasts)
 28494 | Lair:7   | Reached skill level 5 in Conjurations
 28637 | Lair:7   | Reached skill level 10 in Spellcasting
 29454 | Lair:7   | Reached XP level 14. HP: 113/121 MP: 9/28
 30880 | Lair:8   | Identified Biowof Own's Compendium of the Entourage (You found it on level 8 of the Lair of Beasts)
 31301 | Lair:1   | Learned a level 6 spell: Bolt of Cold
 31360 | Orc:1    | Entered Level 1 of the Orcish Mines
 31392 | Orc:1    | Found Heamam's Magic Scroll Emporium.
 31402 | Orc:1    | Bought a scroll of blinking for 112 gold pieces
 31402 | Orc:1    | Bought a scroll of blinking for 112 gold pieces
 31402 | Orc:1    | Bought a scroll of identify for 30 gold pieces
 31402 | Orc:1    | Bought a scroll of identify for 30 gold pieces
 31402 | Orc:1    | Bought a scroll of identify for 30 gold pieces
 31402 | Orc:1    | Bought a scroll of fear for 52 gold pieces
 31402 | Orc:1    | Bought a scroll of identify for 30 gold pieces
 31402 | Orc:1    | Bought a scroll of enchant weapon for 112 gold pieces
 31917 | Orc:3    | Found Nonuinol's Antique Weapon Shop.
 31976 | Orc:3    | Bought a faintly glowing falchion for 176 gold pieces
 31976 | Orc:3    | Identified the cursed +2 falchion of Asugh {freeze, rN+ MR+ Int+4} (You bought it in a shop on level 3 of the Orcish Mines)
 32048 | Orc:3    | Found a staircase to the Elven Halls.
 32798 | Orc:2    | Noticed Fannar
 32857 | Orc:2    | Killed Fannar
 33206 | Orc:4    | Entered Level 4 of the Orcish Mines
 34577 | Orc:4    | Found Cetzif's Antique Armour Shoppe.
 34577 | Orc:4    | Found Asook's Distillery.
 34579 | Orc:4    | Found Faunoab's General Store.
 34584 | Orc:4    | Found Bagiwam's Distillery.
 34659 | Orc:4    | Received a gift from Sif Muna
 34860 | Orc:4    | Bought a potion of curing for 39 gold pieces
 34860 | Orc:4    | Bought a potion of curing for 39 gold pieces
 34860 | Orc:4    | Bought a potion of cancellation for 104 gold pieces
 34866 | Orc:4    | Bought a pair of runed gloves for 184 gold pieces
 34880 | Orc:4    | Bought a potion of curing for 36 gold pieces
 34880 | Orc:4    | Bought a potion of curing for 36 gold pieces
 34880 | Orc:4    | Bought a potion of heal wounds for 60 gold pieces
 34880 | Orc:4    | Bought a potion of agility for 48 gold pieces
 34882 | Orc:4    | Bought a +1 buckler of reflection for 202 gold pieces
 34882 | Orc:4    | Bought a scroll of magic mapping for 52 gold pieces
 34884 | Orc:4    | Bought a potion of haste for 120 gold pieces
 34884 | Orc:4    | Bought a potion of mutation for 30 gold pieces
 34887 | Orc:4    | Bought a potion of haste for 130 gold pieces
 34887 | Orc:4    | Bought a potion of haste for 130 gold pieces
 34887 | Orc:4    | Bought a potion of haste for 130 gold pieces
 34887 | Orc:4    | Bought a potion of might for 52 gold pieces
 34887 | Orc:4    | Bought a potion of might for 52 gold pieces
 35285 | D:11     | Found Ussocyurr's Weapon Shoppe.
 35631 | D:11     | Noticed Maud
 35661 | D:11     | Killed Maud
 35971 | D:12     | Found a labyrinth entrance.
 35979 | Lab      | Entered a labyrinth
 36132 | Lab      | Found an exit through the horrors of the Abyss.
 36164 | Lab      | Found an exit through the horrors of the Abyss.
 36286 | Lab      | Found an exit through the horrors of the Abyss.
 36494 | Lab      | Got a transparent glass ring
 36496 | Lab      | Identified the ring "Laza" {rElec rC+ Int+4} (You found it in a labyrinth)
 36822 | D:12     | Reached skill level 11 in Dodging
 37533 | D:12     | Reached skill level 10 in Long Blades
 37916 | D:12     | Learned a level 2 spell: Cure Poison
 38476 | D:13     | Reached XP level 15. HP: 95/126 MP: 20/30
 39351 | D:14     | Noticed Sonja
 39378 | D:14     | Killed Sonja
 39510 | D:14     | Found a gate to the Vaults.
 40135 | D:15     | Entered Level 15 of the Dungeon
 40191 | D:15     | Noticed Josephine
 40203 | D:15     | Killed Josephine
 40383 | D:15     | Found a shadowy altar of Dithmenos.
 41028 | D:15     | Cast into the Abyss (a wizard)
 41054 | Abyss:1  | Reached skill level 10 in Fire Magic
 41149 | Abyss:1  | Found a corrupted altar of Lugonu.
 41398 | Abyss:1  | Noticed a tentacled starspawn
 41406 | Abyss:1  | Killed a tentacled starspawn
 41569 | Abyss:1  | Noticed a bone dragon
 41598 | Abyss:1  | Killed a bone dragon
 42031 | Abyss:1  | Noticed a tentacled starspawn
 42709 | Abyss:2  | Found a corrupted altar of Lugonu.
 42714 | Abyss:2  | Gained mutation: [You occasionally shout uncontrollably at your foes.] [a neqoxec]
 43010 | Abyss:2  | Reached skill level 12 in Dodging
 43368 | Abyss:2  | Found a corrupted altar of Lugonu.
 43424 | Abyss:2  | Reached XP level 16. HP: 93/93 MP: 20/22
 43901 | Abyss:4  | Noticed a tentacled starspawn
 43913 | Abyss:4  | Drowned by a water nymph

Action                   |  1- 3 |  4- 6 |  7- 9 | 10-12 | 13-15 | 16-18 || total
-------------------------+-------+-------+-------+-------+-------+-------++-------
Melee: Unarmed           |    53 |       |       |       |       |       ||    53
       Dagger            |    14 |    69 |   198 |   428 |    15 |       ||   724
       Scimitar          |       |       |       |   417 |  1932 |     9 ||  2358
       Falchion          |       |       |       |       |    81 |       ||    81
 Fire: Hunting sling     |       |   110 |       |       |       |       ||   110
Throw: Stone             |       |       |       |     1 |       |       ||     1
 Cast: Freeze            |    56 |    95 |   174 |   270 |   113 |       ||   708
       Summon Ice Beast  |       |       |    14 |   148 |   313 |       ||   475
       Throw Frost       |       |       |     1 |    13 |       |       ||    14
       Pain              |       |       |       |    10 |     2 |       ||    12
       Condensation Shie |       |       |       |     1 |       |       ||     1
       Ozocubu's Armour  |       |       |       |       |    50 |       ||    50
       Throw Icicle      |       |       |       |       |    18 |       ||    18
       Fireball          |       |       |       |       |    34 |       ||    34
       Cure Poison       |       |       |       |       |     3 |       ||     3
Invok: Forget Spell      |       |       |       |     1 |       |       ||     1
       Channel Energy    |       |       |       |     4 |     4 |       ||     8
 Abil: Breathe Fire      |       |       |    20 |    36 |    25 |       ||    81
Evoke: Wand              |       |       |       |    12 |    24 |     1 ||    37
  Use: Scroll            |     5 |    11 |    12 |    10 |    40 |     6 ||    84
       Potion            |       |       |     3 |     2 |    14 |     4 ||    23
 Stab: Sleeping          |     1 |     4 |     1 |     7 |    10 |       ||    23
       Distracted        |       |       |     2 |     6 |    25 |       ||    33
       Invisible         |       |       |       |       |     1 |       ||     1
       Confused          |       |       |       |       |     1 |       ||     1
  Eat: Chunk             |     4 |    12 |    17 |    63 |    60 |       ||   156
       Pizza             |       |       |     1 |       |     3 |       ||     4
       Royal jelly       |       |       |     1 |       |     1 |       ||     2
       Fruit             |       |       |       |     2 |     1 |       ||     3
       Meat ration       |       |       |       |     1 |     9 |       ||    10
       Beef jerky        |       |       |       |     2 |     1 |       ||     3
       Bread ration      |       |       |       |       |     2 |       ||     2
